 Dungeon Crawl Stone Soup version 0.25.1-2-g60ff931df9 (webtiles) character file.

Game seed: 16385760915947597282

6884 Gabide the Sharpshooter (level 11, -3/71 HPs)
             Began as a Kobold Hunter on Aug 17, 2020.
             Was an Elder of Elyvilon.
             Slain by a crocodile (10 damage)
             ... on level 9 of the Dungeon.
             The game lasted 00:26:26 (9617 turns).

Gabide the Sharpshooter (Kobold Hunter)             Turns: 9617, Time: 00:26:26

Health: -3/71      AC:  7    Str:  8 (10) XL:     11   Next: 26%
Magic:  11/11      EV: 16    Int:  9 (12) God:    Elyvilon [****..]
Gold:   422        SH:  0    Dex: 16 (19) Spells: 10/10 levels left

rFire    + . .     SeeInvis .   t - +1 dagger (venom)
rCold    . . .     Gourm    .   (shield restricted)
rNeg     + . .     Faith    +   e - +1 ring mail {rF+}
rPois    .         Spirit   .   (no helmet)
rElec    .         Reflect  .   (no cloak)
rCorr    .         Harm     .   (no gloves)
MR       .....                  v - +0 pair of boots
Stlth    ++........             o - amulet of faith
HPRegen  0.21/turn              k - ring of positive energy
MPRegen  0.12/turn              (no ring)

@: no status effects
A: small, carnivore
a: Lesser Healing, Heal Other, Purification, Greater Healing, Divine Protection,
Renounce Religion


You were on level 9 of the Dungeon.
You worshipped Elyvilon.
Elyvilon was greatly pleased with you.
You were very full.

You visited 1 branch of the dungeon, and saw 9 of its levels.

You collected 519 gold pieces.
You spent 97 gold pieces at shops.

Inventory:

Hand Weapons
 a - a +3 hand crossbow
 t - a +1 dagger of venom (weapon)
Armour
 c - a +1 leather armour
 e - a +1 ring mail of fire resistance (worn)
 u - a +2 robe of cold resistance
 v - a +0 pair of boots (worn)
Jewellery
 k - a ring of positive energy (left hand)
 o - an amulet of faith (around neck)
Wands
 h - a wand of acid (6)
 q - a wand of digging (4)
 w - a wand of paralysis (9)
 x - a wand of disintegration (20)
Scrolls
 j - 10 scrolls of remove curse
 p - 5 scrolls of amnesia
 r - a scroll of teleportation
Potions
 i - a potion of degeneration
 l - 2 potions of invisibility {unknown}
 m - a potion of mutation {unknown}
 n - 2 potions of cancellation {unknown}
 s - 3 potions of brilliance
Comestibles
 f - 30 rations


   Skills:
 + Level 9.0 Fighting
 * Level 0.3 Short Blades
 * Level 15.0 Crossbows
 - Level 2.6 Armour
 * Level 7.5 Dodging
 - Level 2.8 Stealth
 * Level 0.2 Invocations


You had 10 spell levels left.
You didn't know any spells.
Your spell library contained the following spells:

 Spells                   Type           Power        Failure   Level  Hunger
 Animate Skeleton         Necr           N/A          75%         1    ##.....
 Magic Dart               Conj           #...         75%         1    ##.....
 Blink                    Tloc           N/A          87%         2    ###....
 Call Imp                 Summ           #.......     87%         2    ###....
 Slow                     Hex            #.......     87%         2    ###....
 Conjure Flame            Conj/Fire      #.......     98%         3    ####...
 Mephitic Cloud           Conj/Pois/Air  #.......     98%         3    ####...


Dungeon Overview and Level Annotations

Branches:
Dungeon (9/15)             Temple (0/1) D:6            Lair (0/6) D:9
    Orc: D:9-12

Altars:
Cheibriados
Dithmenos
Elyvilon
Gozag
Kikubaaqudgha
Makhleb
Ru
Sif Muna
Vehumet
Yredelemnul

Shops:
D:4 ?   D:5 [   D:8 :   D:9 *

Annotations:
D:8 1 runed translucent door, Azzoler's ghost, novice DsFi
D:9 Harold; Psyche


Innate Abilities, Weirdness & Mutations

You are small and have problems with some larger weapons.
You are carnivorous and can eat meat at any time.


Message History

Press: ? - help, Dir - move target cursor, f - crocodile Heal: a crocodile (chance to pacify: 3%) Harold says, "Try to look on the bright side.
Your death will help put my children through school."
Harold throws a throwing net.
The throwing net barely misses you.
You see here a throwing net.
The crocodile barely misses you.
You feel sick.
You feel sick.
Found 20 sling bullets.
You feel sick.
You are no longer poisoned.
Found 3 atropa-tipped darts.
Found a stone staircase leading up.
There is an open door here.
It was a potion of degeneration.
There was something very wrong with that liquid.
You feel weakened.
You feel dopey.
You feel clumsy.
The crocodile bites you but does no damage.
A wyvern skeleton comes into view.
The crocodile bites you!
You die...

#..@...#.....@...
....Z##.....#.........
......#.....#...#####
......#.....# ..#
......####'##...#
................#
.....<......(...#
........t.........
...(...@..........
..................
..........########
#########.# ###


You could see a crocodile and a wyvern skeleton (dormant).

Vanquished Creatures
  Erica (D:8)
  A two-headed ogre (D:9)
  Pikel (D:8)
  Maggie (D:8)
  A troll (D:9)
  3 hippogriffs
  Eustachio (D:6)
  Grum (D:8)
  Edmund (D:5)
  Duvessa (D:6)
  A water moccasin (D:9)
  An ice beast (D:7)
  2 slaves (D:8)
  2 orc warriors
  2 sky beasts
  A phantom (D:4)
  5 ogres
  2 wolves (D:8)
  A crocodile (D:9)
  3 bullfrogs
  6 big kobolds
  Dowan (D:6)
  4 killer bees (D:7)
  3 wights (D:5)
  4 howler monkeys
  3 centaur zombies
  A bullfrog zombie (D:8)
  5 crimson imps
  3 hounds
  An orc priest (D:3)
  A centaur skeleton (D:6)
  3 jellies
  5 orc wizards
  2 iguanas
  2 bullfrog skeletons (D:4)
  Natasha (D:2)
  4 worker ants
  A hound skeleton (D:6)
  9 gnolls
  6 adders
  A river rat (D:3)
  An ooze (D:5)
  6 worms
  2 dart slugs
  5 leopard geckos
  15 orcs
  9 bats
  2 giant cockroaches
  9 goblins
  8 hobgoblins
  2 jackals (D:3)
  52 kobolds
  3 quokkas (D:2)
  3 ball pythons
  2 gnoll zombies (D:2)
  A quokka skeleton (D:7)
  10 rats
228 creatures vanquished.

Notes
Turn   | Place    | Note
-------+----------+-------------------------------------------
     0 | D:1      | Gabide the Kobold Hunter began the quest for the Orb.
     0 | D:1      | Reached XP level 1. HP: 12/12 MP: 1/1
    48 | D:1      | Reached skill level 5 in Crossbows
   140 | D:1      | Reached XP level 2. HP: 17/17 MP: 2/2
   540 | D:1      | Reached XP level 3. HP: 21/21 MP: 3/3
   891 | D:2      | Reached skill level 6 in Crossbows
  1022 | D:2      | Noticed Natasha
  1028 | D:2      | Killed Natasha
  1028 | D:2      | Reached XP level 4. HP: 20/26 MP: 4/4
  1615 | D:2      | Found a basalt altar of Yredelemnul.
  1672 | D:3      | Reached skill level 7 in Crossbows
  1672 | D:3      | Reached XP level 5. HP: 12/30 MP: 5/5
  2193 | D:3      | Reached XP level 6. HP: 36/36 MP: 6/6
  2217 | D:3      | Found a snail-covered altar of Cheibriados.
  2526 | D:4      | Found an ancient bone altar of Kikubaaqudgha.
  2526 | D:4      | Found a shimmering blue altar of Sif Muna.
  2528 | D:4      | Found a radiant altar of Vehumet.
  2530 | D:4      | Identified Kikubaaqudgha's Guide on Dark Arts
  2565 | D:4      | Found Vukawi's Magic Scroll Emporium.
  2567 | D:4      | Noticed a phantom
  2579 | D:4      | Killed a phantom
  2579 | D:4      | Reached skill level 8 in Crossbows
  2585 | D:4      | Bought a scroll of enchant weapon for 97 gold pieces
  2893 | D:4      | Found a white marble altar of Elyvilon.
  2902 | D:4      | Became a worshipper of Elyvilon the Healer
  3045 | D:4      | Reached XP level 7. HP: 40/40 MP: 7/7
  3108 | D:4      | Reached skill level 9 in Crossbows
  3410 | D:4      | Reached XP level 8. HP: 20/46 MP: 8/8
  3680 | D:4      | Reached skill level 10 in Crossbows
  4000 | D:5      | Entered Level 5 of the Dungeon
  4104 | D:5      | Found Vyih's Armour Boutique.
  4245 | D:5      | Reached * piety under Elyvilon
  4245 | D:5      | Noticed Edmund
  4252 | D:5      | Killed Edmund
  4252 | D:5      | Reached skill level 11 in Crossbows
  4252 | D:5      | Reached skill level 1 in Armour
  4548 | D:5      | Found an opulent altar of Gozag.
  4850 | D:6      | Reached XP level 9. HP: 52/52 MP: 9/9
  4944 | D:6      | Noticed Eustachio
  4948 | D:6      | Killed Eustachio
  4948 | D:6      | Reached skill level 5 in Dodging
  5043 | D:6      | Found a staircase to the Ecumenical Temple.
  5057 | D:6      | Reached skill level 5 in Fighting
  5074 | D:6      | Noticed Duvessa
  5075 | D:6      | Noticed Dowan
  5081 | D:6      | Killed Duvessa
  5085 | D:6      | Killed Dowan
  5199 | D:6      | Reached skill level 12 in Crossbows
  5309 | D:6      | Reached ** piety under Elyvilon
  5481 | D:7      | Found a shadowy altar of Dithmenos.
  5947 | D:7      | Found a sacrificial altar of Ru.
  6037 | D:7      | Noticed a hippogriff
  6043 | D:7      | Killed a hippogriff
  6043 | D:7      | Reached XP level 10. HP: 61/61 MP: 10/10
  6337 | D:7      | Found a burning altar of Makhleb.
  6337 | D:7      | Noticed an Executioner
  6481 | D:7      | Reached skill level 13 in Crossbows
  6690 | D:7      | Reached *** piety under Elyvilon
  6787 | D:8      | Noticed Maggie
  6798 | D:8      | Killed Maggie
  7084 | D:8      | Found Amimir's Book Shoppe.
  7150 | D:8      | Found a runed translucent door.
  7150 | D:8      | Noticed Azzoler's ghost (novice DsFi)
  7271 | D:8      | Noticed Erica
  7285 | D:8      | Killed Erica
  7596 | D:8      | Reached skill level 14 in Crossbows
  7623 | D:8      | Noticed Grum
  7629 | D:8      | Killed Grum
  7709 | D:8      | Reached **** piety under Elyvilon
  7878 | D:8      | Noticed Pikel
  7897 | D:8      | Killed Pikel
  8360 | D:9      | Reached XP level 11. HP: 68/68 MP: 11/11
  8375 | D:9      | Got a pair of steaming boots
  8386 | D:9      | Identified the -4 pair of boots of the Trout {Str+2} (You
                  | found it on level 9 of the Dungeon)
  8462 | D:9      | Noticed a two-headed ogre
  8640 | D:9      | Killed a two-headed ogre
  8871 | D:9      | Noticed an elephant
  8877 | D:9      | Elyvilon protects you from harm!
  9176 | D:9      | Reached skill level 15 in Crossbows
  9553 | D:9      | Found Gevuag's Serpentskin Sales.
  9594 | D:9      | Noticed Psyche
  9599 | D:9      | Found a staircase to the Lair.
  9600 | D:9      | Noticed Harold
  9617 | D:9      | Slain by a crocodile

Illustrated notes

Levels and vault maps discovered:
D:1:      erik_arrival_triangle_medium, layout_basic, minivault_4
D:2:      layout_loops_ring, lemuel_zombie_altar_yredelemnul, uniq_natasha
D:3:      layout_rooms, old_standard_altar, first_ration, portal_sewer_entry_b
D:4:      minmay_goblin_kobold_castle, layout_rooms,
          grunt_temple_overflow_magic_moments, elyvilon_altar_1, serial_shops,
          shop_fountains
D:5:      layout_basic, nicolae_overflow_crystal_walls, serial_shops, shop,
          uniq_edmund
D:6:      layout_rooms, minmay_temple_entry_drinking_statues, uniq_eustachio,
          uniq_duvessa
D:7:      layout_loops_cross, makhleb_altar_promises_db,
          overflow_temple_1_default, basic_altar, grunt_ogre_cave,
          corexii_hall_statues_x
D:8:      layout_cave_pods, ebering_ghost_inner_flame, serial_shops,
          shop_statue, chequers_serial_rivers_marsh, uniq_maggie, uniq_grum,
          uniq_pikel, uniq_erica
D:9:      layout_irregular_city, kennysheep_mini_moat, david_lair_generic,
          guppyfry_shop_venom, uniq_harold, uniq_psyche

Skill      XL: |  1  2  3  4  5  6  7  8  9 10 11 |
---------------+----------------------------------+-----
Crossbows      | 5 6 7 8 9 11 12 14 15 | 15.0
Dodging        | 3 4 5 7 |  7.5
Stealth        | 2 |  2.8
Fighting       | 3 4 6 8 9 |  9.0
Armour         | 1 2 |  2.6
Short Blades   | |  0.3
Invocations    | |  0.2

Action                   |  1- 3 |  4- 6 |  7- 9 | 10-12 || total
-------------------------+-------+-------+-------+-------++-------
Melee: Dagger            |       |       |       |    31 ||    31
 Fire: Hand crossbow     |    51 |   151 |   305 |   217 ||   724
Throw: Throwing net      |       |       |       |     1 ||     1
Invok: Heal Other        |       |       |       |     2 ||     2
  Use: Scroll            |     2 |     6 |     5 |    11 ||    24
       Potion            |       |     1 |     2 |     1 ||     4
  Eat: Chunk             |     9 |     5 |    10 |     9 ||    33
Armor: Leather armour    |       |       |     6 |       ||     6
       Ring mail         |       |       |    17 |    29 ||    46
Dodge: Dodged            |     6 |    28 |   141 |    92 ||   267
